 Dungeon Crawl Stone Soup version 0.30.1-11-g7821555f0a (webtiles) character file.

Game seed: 15198883109568227437

3610 Djon the Thaumaturge (level 10, -7/74 HPs)
             Began as a Gnoll Hedge Wizard on Jan 10, 2024.
             Was an Initiate of Gozag.
             Mangled by a killer bee (10 damage)
             ... on level 6 of the Dungeon.
             The game lasted 00:43:32 (11147 turns).

Djon the Thaumaturge (Gnoll Hedge Wizard)          Turns: 11147, Time: 00:43:33

Health: -7/74      AC:  8    Str: 12    XL:     10   Next: 11%
Magic:  6/22       EV: 13    Int: 16    God:    Gozag
Gold:   754        SH:  0    Dex: 11    Spells: 15/26 levels left

rFire   + . .        M - +4 dagger
rCold   . . .        (no shield)
rNeg    . . .        A - +2 leather armour {rF+}
rPois   .            m - +0 helmet
rElec   .            w - +0 cloak
rCorr   .            (no gloves)
SInv    .            (no boots)
Will    .....        (no amulet)
Stlth   +++          (no ring)
HPRegen 0.32/turn    (no ring)
MPRegen 0.18/turn

%: no passive effects
@: lethally poisoned (-7 -> -13)
A: fangs 1, strong nose, distributed training
a: Renounce Religion, Potion Petition, Call Merchant, Bribe Branch


You were on level 6 of the Dungeon.
You worshipped Gozag.
Gozag was pleased with you.
You visited 2 branches of the dungeon, and saw 8 of its levels.
You also visited: Sewer.

You collected 820 gold pieces.
You paid 66 gold pieces to Gozag.

Inventory:

Hand Weapons
 v - a +4 quarterstaff of chaos
 G - a +0 arbalest
 L - a +6 flail
 M - a +4 dagger (weapon)
Missiles
 i - 5 boomerangs (quivered)
 H - 3 throwing nets
Armour
 c - a +0 hat
 m - a +0 helmet (worn)
 w - a +0 cloak (worn)
 A - a +2 leather armour of fire resistance (worn)
 K - a +0 kite shield
Jewellery
 a - an amulet of the acrobat
Wands
 f - a wand of quicksilver (31)
 r - a wand of polymorph (13)
 z - a wand of digging (6)
 I - a wand of roots (30)
Scrolls
 b - 2 scrolls of brand weapon
 e - a scroll of magic mapping
 l - 3 scrolls of fear
 n - 4 scrolls of vulnerability
 o - 2 scrolls of teleportation {unknown}
 p - 3 scrolls of enchant weapon {unknown}
 u - a scroll of poison {unknown}
 y - 3 scrolls of enchant armour {unknown}
 C - 3 scrolls of blinking
 E - a scroll of silence {unknown}
 F - 2 scrolls of immolation {unknown}
 J - a scroll of amnesia
Potions
 d - 4 potions of magic
 g - 3 potions of heal wounds
 h - 2 potions of curing
 j - 5 potions of haste
 k - 4 potions of flight {unknown}
 q - a potion of brilliance {unknown}
 s - a potion of might {unknown}
 x - a potion of ambrosia {unknown}
 B - a potion of attraction {unknown}
 D - 2 potions of mutation {unknown}


   Skills:
 + Level 5.1 Fighting
 + Level 5.1 Short Blades
 + Level 5.1 Long Blades
 + Level 5.1 Axes
 + Level 5.1 Maces & Flails
 + Level 5.1 Polearms
 + Level 5.1 Staves
 + Level 5.1 Ranged Weapons
 + Level 5.1 Throwing
 + Level 5.1 Armour
 + Level 7.0 Dodging
 + Level 6.7 Stealth
 + Level 5.1 Shields
 + Level 5.1 Unarmed Combat
 + Level 8.9 Spellcasting
 + Level 4.8 Conjurations
 + Level 4.2 Hexes
 + Level 4.8 Summonings
 + Level 4.2 Necromancy
 + Level 4.8 Translocations
 + Level 4.2 Transmutations
 + Level 4.2 Fire Magic
 + Level 4.2 Ice Magic
 + Level 4.2 Air Magic
 + Level 4.2 Earth Magic
 + Level 4.2 Poison Magic
 + Level 5.6 Invocations
 + Level 5.1 Evocations


You had 15 spell levels left.
You knew the following spells:

 Your Spells              Type           Power      Damage    Failure   Level
a - Magic Dart            Conj           88%        1d7       1%          1
b - Blink                 Tloc           44%        N/A       2%          2
c - Call Imp              Summ           44%        N/A       2%          2
d - Mephitic Cloud        Conj/Pois/Air  21%        N/A       6%          3
e - Ignite Poison         Fire/Tmut/Pois 20%        N/A       7%          3

Your spell library contained the following spells:

 Spells                   Type           Power      Damage    Failure   Level
 Apportation              Tloc           44%        N/A       1%          1
 Shock                    Conj/Air       84%        1d8       1%          1
 Summon Small Mammal      Summ           88%        N/A       1%          1
 Necrotise                Necr           80%        1d8       2%          1
 Slow                     Hex            80%        N/A       2%          1
 Cigotuvi's Dreadful Rot  Necr/Pois/Air  40%        N/A       3%          2
 Vhi's Electric Charge    Tloc/Air       42%        N/A       6%          3
 Confusing Touch          Hex            20%        N/A       7%          3
 Swiftness                Air            20%        N/A       7%          3
 Vampiric Draining        Necr           20%        2d7       7%          3
 Sticky Flame             Conj/Fire      21%        2d4       21%         4
 Airstrike                Air            10%        2d(2-18)  22%         4
 Leda's Liquefaction      Hex/Erth       10%        N/A       22%         4
 Summon Forest            Summ/Tloc      11%        N/A       45%         5
 Arcjolt                  Conj/Air       10%        1d20      50%         5
 Lee's Rapid Deconstruct  Erth           10%        3d8*      52%         5
 Eringya's Noxious Bog    Tmut/Pois      10%        N/A       98%         6
 Statue Form              Tmut/Erth      13%        N/A       98%         6
 Ozocubu's Refrigeration  Ice            10%        4d9       100%        7
 Summon Hydra             Summ           11%        N/A       100%        7
 Ignition                 Fire           10%        3d5       100%        8
 Maxwell's Capacitive Co  Air            10%        ∞         100%        8
 Polar Vortex             Ice            10%        N/A       100%        9
 Simulacrum               Ice/Necr       Unusable   N/A       N/A         6

Dungeon Overview and Level Annotations

Branches:
Dungeon (7/15)             Temple (1/1) D:5           Sewer (visited)

Altars:
Ashenzari
Dithmenos
Elyvilon
Gozag
Hepliaklqana
Kikubaaqudgha
Qazlal
Ru
Trog
Uskayaw
Vehumet
The Shining One

Annotations:
D:7 bronco's ghost, novice MeEE


Innate Abilities, Weirdness & Mutations

You have very sharp teeth.
Your uncanny sense of smell can sniff out nearby items.
Your experience applies equally to all skills.


Message History

Casting: Mephitic Cloud (dangerous; 6% risk of failure)
Confirm with . or Enter, or press ? or * to list all spells.
You ignite the poison in your surroundings!
You feel stable enough to blink again.
The killer bee is engulfed in blazing flames.
The killer bee misses you.
The killer bee barely misses itself.
Casting: Ignite Poison (dangerous; 7% risk of failure)
Confirm with . or Enter, or press ? or * to list all spells.
You blink.
Casting: Blink (safe; 2% risk of failure)
Confirm with . or Enter, or press ? or * to list all spells.
Aiming: Magic Dart (safe; 1% risk of failure)
Press: ? - help, Shift-Dir - straight line, f - killer bee
Aim: a killer bee (heavily wounded, berserk, confused, 100% to hit)
The magic dart hits the killer bee.
The killer bee is heavily wounded.
The killer bee misses itself.
The killer bee rages.
The killer bee stings itself!
Casting: Magic Dart (safe; 1% risk of failure)
Confirm with . or Enter, or press ? or * to list all spells.
Aiming: Magic Dart (safe; 1% risk of failure)
Press: ? - help, Shift-Dir - straight line, f/p - killer bee
Aim: a killer bee (almost dead, berserk, confused, 100% to hit)
The magic dart hits the killer bee.
The killer bee is almost dead.
Casting: Magic Dart (safe; 1% risk of failure)
Confirm with . or Enter, or press ? or * to list all spells.
Aiming: Magic Dart (safe; 1% risk of failure)
Press: ? - help, Shift-Dir - straight line, f/p - killer bee
Aim: a killer bee (almost dead, berserk, confused, 100% to hit)
The magic dart hits the killer bee but does no damage.
The killer bee is almost dead.
You feel stable enough to blink again. The killer bee stings you!
* * * LOW HITPOINT WARNING * * *
You are lethally poisoned!
The killer bee poisons you! The killer bee stings you!
You die...
Your body crumbles into a pile of gold.

#.######..........##
#..............#####
####........####
#######.[.#
##.)...#.).#
#..........##
#...........###
##.......°.....#
#.@y...........#
##.............#
##...........##
###.........#
###.......##
#####....# ###
###..# #.## #..#
##..### #..##


You could see a killer bee (berserk, confused).

Vanquished Creatures
  A two-headed ogre (D:7)
  Grinder (D:6)
  Eustachio (D:3)
  Menkaure (D:6)
  A steam dragon (D:6)
  A sky beast (D:7)
  2 orc warriors
  2 ice beasts
  2 ogres
  A black bear (D:6)
  A phantom (D:3)
  5 bullfrogs
  A kobold brigand (D:4)
  2 scorpions
  5 wights
  A howler monkey (D:5)
  A vampire bat (D:5)
  A jelly (D:6)
  A gnoll bouda (D:7)
  3 hounds
  Crazy Yiuf (D:2)
  2 orc priests
  2 iguanas
  Natasha (twice) (D:3)
  5 gnolls (D:7)
  12 adders
  6 river rats (Sewer)
  An ufetubus (D:4)
  3 worms
  4 dart slugs
  3 fire bats (D:5)
  16 orcs
  2 spectral bats (D:5)
  14 bats
  3 bat skeletons (D:5)
  A bat zombie (D:5)
  8 endoplasms
  A giant cockroach (D:1)
  7 goblins
  5 hobgoblins
  A kobold (D:3)
  7 quokkas
  19 ball pythons
  A bat simulacrum (D:5)
  7 frilled lizards
  29 rats
196 creatures vanquished.

Vanquished Creatures (collateral kills)
  Natasha (D:3)
1 creature vanquished.

Vanquished Creatures (others)
  A shadow imp (D:6)
1 creature vanquished.

Grand Total: 198 creatures vanquished

Notes
Turn   | Place    | Note
-------+----------+-------------------------------------------
     0 | D:1      | Djon the Gnoll Hedge Wizard began the quest for the Orb.
     0 | D:1      | Reached XP level 1. HP: 13/13 MP: 8/8
   219 | D:1      | Reached XP level 2. HP: 8/20 MP: 1/10
   506 | D:1      | Learned a level 2 spell: Blink
   509 | D:1      | Learned a level 2 spell: Call Imp
   540 | D:1      | Found a faded altar of an unknown god.
   838 | D:2      | Reached XP level 3. HP: 25/25 MP: 7/11
   922 | D:2      | Learned a level 3 spell: Mephitic Cloud
   931 | D:2      | Reached skill level 1 in Invocations
  1008 | D:2      | Learned a level 3 spell: Ignite Poison
  1342 | D:2      | Reached skill level 1 in Fighting
  1342 | D:2      | Reached skill level 1 in Short Blades
  1342 | D:2      | Reached skill level 1 in Long Blades
  1342 | D:2      | Reached skill level 1 in Axes
  1342 | D:2      | Reached skill level 1 in Maces & Flails
  1342 | D:2      | Reached skill level 1 in Polearms
  1342 | D:2      | Reached skill level 1 in Staves
  1342 | D:2      | Reached skill level 1 in Ranged Weapons
  1342 | D:2      | Reached skill level 1 in Throwing
  1342 | D:2      | Reached skill level 1 in Armour
  1342 | D:2      | Reached skill level 1 in Shields
  1342 | D:2      | Reached skill level 1 in Unarmed Combat
  1342 | D:2      | Reached skill level 1 in Evocations
  1922 | D:2      | Found a runed translucent door.
  1923 | D:2      | Noticed Crazy Yiuf
  2020 | D:3      | Reached XP level 4. HP: 32/32 MP: 10/13
  2513 | D:3      | Reached skill level 1 in Hexes
  2513 | D:3      | Reached skill level 1 in Necromancy
  2513 | D:3      | Reached skill level 1 in Transmutations
  2513 | D:3      | Reached skill level 1 in Fire Magic
  2513 | D:3      | Reached skill level 1 in Ice Magic
  2513 | D:3      | Reached skill level 1 in Air Magic
  2513 | D:3      | Reached skill level 1 in Earth Magic
  2513 | D:3      | Reached skill level 1 in Poison Magic
  2573 | D:3      | Noticed Natasha
  2590 | D:3      | Killed Natasha
  2689 | D:3      | Noticed Natasha
  2710 | D:3      | Killed Natasha
  2711 | D:3      | Reached XP level 5. HP: 19/37 MP: 6/14
  3008 | D:3      | Noticed Natasha
  3139 | D:3      | Killed Natasha
  3623 | D:4      | Noticed Eustachio
  3940 | D:2      | Killed Crazy Yiuf
  4160 | D:4      | Reached skill level 5 in Dodging
  4160 | D:4      | Reached XP level 6. HP: 44/44 MP: 5/16
  4671 | D:3      | Killed Eustachio
  4672 | D:3      | Reached XP level 7. HP: 50/50 MP: 6/18
  4865 | D:4      | Reached skill level 5 in Stealth
  6002 | D:5      | Entered Level 5 of the Dungeon
  6011 | D:5      | Reached XP level 8. HP: 58/58 MP: 12/19
  6025 | D:5      | Found a broken altar of Ashenzari.
  6032 | D:5      | Found a stormy altar of Qazlal.
  6094 | D:5      | Found a glowing drain.
  6107 | Sewer    | Entered a sewer
  6891 | Sewer    | Reached skill level 8 in Spellcasting
  7300 | D:5      | Found a staircase to the Ecumenical Temple.
  7318 | Temple   | Entered the Ecumenical Temple
  7327 | Temple   | Became a worshipper of Gozag Ym Sagoz the Greedy
  7360 | D:5      | You fall into a shaft and drop 2 floors!
  7375 | D:7      | Noticed a two-headed ogre
  7844 | D:5      | Found a hide-covered altar of Uskayaw.
  8254 | D:6      | Reached XP level 9. HP: 58/65 MP: 14/21
  8448 | D:6      | Found a glowing golden altar of the Shining One.
  8539 | D:6      | Found a bloodstained altar of Trog.
  8614 | D:6      | Identified the +0 flail of Laejokh {heavy, rPois rN++
                  | Int+4}
  8638 | D:6      | Noticed Menkaure
  9043 | D:6      | Killed Menkaure
  9301 | D:6      | Noticed Grinder
  9302 | D:6      | Paralysed by Grinder for 5 turns
  9314 | D:6      | Killed Grinder
  9518 | D:6      | Reached skill level 5 in Invocations
  9614 | D:7      | Noticed bronco's ghost (novice MeEE)
  9623 | D:7      | Found a transporter.
  9624 | D:7      | Noticed a moth of wrath
  9650 | D:7      | Killed a two-headed ogre
 10092 | D:7      | Found a faded altar of an unknown god.
 10128 | D:7      | Found a hazy altar of Hepliaklqana.
 10191 | D:7      | Reached skill level 5 in Fighting
 10191 | D:7      | Reached skill level 5 in Short Blades
 10191 | D:7      | Reached skill level 5 in Long Blades
 10191 | D:7      | Reached skill level 5 in Axes
 10191 | D:7      | Reached skill level 5 in Maces & Flails
 10191 | D:7      | Reached skill level 5 in Polearms
 10191 | D:7      | Reached skill level 5 in Staves
 10191 | D:7      | Reached skill level 5 in Ranged Weapons
 10191 | D:7      | Reached skill level 5 in Throwing
 10191 | D:7      | Reached skill level 5 in Armour
 10191 | D:7      | Reached skill level 5 in Shields
 10191 | D:7      | Reached skill level 5 in Unarmed Combat
 10191 | D:7      | Reached skill level 5 in Evocations
 10191 | D:7      | Reached XP level 10. HP: 74/74 MP: 9/22
 10715 | D:7      | Found a transporter.
 11147 | D:6      | HP: 3/74 [killer bee (8)]
 11147 | D:6      | Mangled by a killer bee

Illustrated notes

Levels and vault maps discovered:
D:1:      eino_arrival_druids_welcome, layout_rooms,
          shapermc_ecumenical_altar_ellora
D:2:      layout_loops_ring, minivault_11, grunt_decor_clamped,
          uniq_crazy_yiuf_cottage
D:3:      layout_basic, amcnicky_mini_rare_corridor_liquid, uniq_natasha
D:4:      layout_cave_pods, uniq_eustachio
D:5:      layout_loops_ring, nicolae_uskayaw_murder_on_the_dancefloor,
          mainiacjoe_overflow_big_doors, minmay_temple_entry_mini_moons,
          portal_sewer_entry_d, goddamned_bats
D:6:      layout_cave_pods, mainiacjoe_overflow_brackets,
          mainiacjoe_overflow_catwalk, uniq_grinder, uniq_menkaure
D:7:      layout_basic, beargit_hepliaklqana_dungeon_heroes,
          gammafunk_ghost_berserking_beasts
Temple:   nicolae_temple_two_arcs

Skill      XL: |  1  2  3  4  5  6  7  8  9 10 |
---------------+-------------------------------+-----
Conjurations   | 2 3 4 |  4.8
Summonings     | 2 3 4 |  4.8
Translocations | 2 3 4 |  4.8
Invocations    | 1 2 3 4 5 |  5.6
Fighting       | 1 2 3 4 5 |  5.1
Short Blades   | 1 2 3 4 5 |  5.1
Long Blades    | 1 2 3 4 5 |  5.1
Axes           | 1 2 3 4 5 |  5.1
Maces & Flails | 1 2 3 4 5 |  5.1
Polearms       | 1 2 3 4 5 |  5.1
Staves         | 1 2 3 4 5 |  5.1
Ranged Weapons | 1 2 3 4 5 |  5.1
Throwing       | 1 2 3 4 5 |  5.1
Armour         | 1 2 3 4 5 |  5.1
Shields        | 1 2 3 4 5 |  5.1
Unarmed Combat | 1 2 3 4 5 |  5.1
Evocations     | 1 2 3 4 5 |  5.1
Hexes          | 1 2 3 4 |  4.2
Necromancy     | 1 2 3 4 |  4.2
Transmutations | 1 2 3 4 |  4.2
Fire Magic     | 1 2 3 4 |  4.2
Ice Magic      | 1 2 3 4 |  4.2
Air Magic      | 1 2 3 4 |  4.2
Earth Magic    | 1 2 3 4 |  4.2
Poison Magic   | 1 2 3 4 |  4.2
Dodging        | 5 6 7 |  7.0
Stealth        | 5 6 |  6.7
Spellcasting   | 8 |  8.9

Action                     |  1- 3 |  4- 6 |  7- 9 | 10-12 || total
---------------------------+-------+-------+-------+-------++-------
  Melee: Dagger            |    12 |       |       |       ||    12
         Hand axe          |    21 |     3 |       |       ||    24
         Bite              |     3 |     3 |     9 |     2 ||    17
         War axe           |       |    20 |       |       ||    20
         Quarterstaff      |       |    25 |   164 |    16 ||   205
  Throw: Boomerang         |       |     4 |     4 |     2 ||    10
   Cast: Magic Dart        |    81 |    82 |   177 |     9 ||   349
         Call Imp          |     1 |    10 |     3 |       ||    14
         Mephitic Cloud    |       |     9 |    27 |     8 ||    44
         Ignite Poison     |       |     5 |    18 |     7 ||    30
         Blink             |       |     1 |    15 |     5 ||    21
  Evoke: Wand              |       |       |     3 |     1 ||     4
    Use: Scroll            |     2 |     1 |     9 |     1 ||    13
         Potion            |       |       |       |     2 ||     2
   Stab: Sleeping          |     2 |       |     3 |       ||     5
         Distracted        |       |     1 |       |       ||     1
         Petrified         |       |       |     3 |       ||     3
         Confused          |       |       |     2 |       ||     2
 Armour: Robe              |     7 |    12 |       |       ||    19
         Leather armour    |     4 |    10 |    84 |     8 ||   106
         Skin              |       |       |     3 |       ||     3
  Dodge: Dodged            |    39 |    65 |   216 |    36 ||   356
